 Dungeon Crawl Stone Soup version bcrawl-1.19.1 (webtiles) character file.

Game seed: 17584438457823032956

170 Anathary the Shield-Bearer (level 5, -6/35 HPs)
             Began as a Fairy Fighter on Dec 14, 2019.
             Was a Follower of Qazlal.
             Mangled by an iguana (9 damage)
             ... on level 3 of the Dungeon.
             The game lasted 00:06:23 (2244 turns).

Anathary the Shield-Bearer (Fairy Fighter)          Turns: 2244, Time: 00:06:23

Health: -6/35      AC:  5    Str: 15    XL:     5   Next: 50%
Magic:  7/7        EV: 15    Int: 12    God:    Qazlal [*.....]
Gold:   182        SH: 16    Dex: 11    Spells: 4/4 levels left

rFire    . . .     SeeInvis .   a - +0 rapier
rCold    . . .     Gourm    .   b - +0 shield
rNeg     . . .     Faith    .   (armour unavailable)
rPois    .         Spirit   .   (no helmet)
rElec    .         Reflect  .   (no cloak)
rCorr    .         Harm     .   m - +0 pair of gloves
MR       .....                  (no boots)
Stlth    ..........             (no amulet)
HPRegen  0.11/turn              (no ring)
MPRegen  0.10/turn              (no ring)

@: flying evasively
A: small, magic attunement, unstealthy, unfitting armour, able to fly, AC/SH +4
a: Stop Flying, Renounce Religion


You were on level 3 of the Dungeon.
You worshipped Qazlal.
Qazlal was aware of your devotion.
You were not hungry.

You visited 1 branch of the dungeon, and saw 3 of its levels.

You collected 182 gold pieces.

Inventory:

Hand Weapons
 a - a +0 rapier (weapon)
Armour
 b - a +0 shield (worn)
 m - a +0 pair of gloves (worn)
Scrolls
 e - a scroll of enchant weapon {unknown}
 f - 2 scrolls of blinking {unknown}
 j - a scroll of fog {unknown}
 k - 3 scrolls of remove curse {unknown}
 l - a scroll of teleportation {unknown}
 n - a scroll of amnesia {unknown}
Potions
 c - a potion of might
 g - 4 potions of curing {unknown}
 h - 2 potions of mutation {unknown}
 i - a potion of degeneration {unknown}
Comestibles
 d - 3 rations {!d}


   Skills:
 - Level 2.6 Fighting
 + Level 3.9 Short Blades
 + Level 5.1 Dodging
 - Level 0.1 Stealth
 + Level 5.2 Shields


You had 4 spell levels left.
You didn't know any spells.
Your spell library was empty.

Dungeon Overview and Level Annotations

Branches:
Dungeon (3/12)

Altars:
Qazlal
Ru


Innate Abilities, Weirdness & Mutations

Your spells do not cause hunger and MP costs are reduced by 1.
Your bright wings attract enemies. (Stealth-)
You cannot fit into any form of body armour.
Your shimmering scales are hard and can block incoming attacks. (AC +4, SH +4)
You are small and have problems with some larger weapons.
You can fly continuously.


Message History

You hit the iguana but do no damage.
The iguana is lightly wounded.
The iguana bites you!
You hit the iguana but do no damage.
The iguana is lightly wounded.
You block the iguana's attack.
You barely miss the iguana.
The iguana is lightly wounded.
You block the iguana's attack.
You closely miss the iguana.
The iguana is lightly wounded.
The iguana bites you!
* * * LOW HITPOINT WARNING * * *
You hit the iguana.
The iguana is moderately wounded.
You block the iguana's attack.
You hit the iguana but do no damage.
The iguana is moderately wounded.
The iguana bites you!
You die...

# .# ##
######## .# .#
#......# ##.#
.# #
#.####.##..##
.##.#
#)#.....@l..#
..>
#.#.##...○...#
##.#
#.#.##.###..#.#
...# #.#.##.#
..... #..#
#......### ####
#^.# ###.....(#
#..# ####.#.#.#
...# ##.....#
#.## ##.##.###


You could see an iguana.

Vanquished Creatures
  An ogre (D:3)
  5 adders
  A worm (D:3)
  5 dart slugs
  An orc (D:3)
  2 giant cockroaches
  3 goblins
  3 hobgoblins
  A quokka (D:2)
  2 bats (D:1)
  A frilled lizard (D:2)
  4 kobolds
  7 rats
36 creatures vanquished.

Notes
Turn   | Place    | Note
-------+----------+-------------------------------------------
     0 | D:1      | Anathary the Fairy Fighter began the quest for the Orb.
     0 | D:1      | Reached XP level 1. HP: 15/15 MP: 3/3
   265 | D:1      | Reached XP level 2. HP: 20/20 MP: 4/4
   970 | D:2      | Found a sacrificial altar of Ru.
  1032 | D:2      | Reached XP level 3. HP: 18/25 MP: 5/5
  1151 | D:2      | Found a faded altar of an unknown god.
  1176 | D:2      | Became a worshipper of Qazlal Stormbringer
  1176 | D:2      | Reached * piety under Qazlal
  1779 | D:3      | Reached XP level 4. HP: 30/30 MP: 6/6
  1840 | D:3      | Noticed an ogre
  1847 | D:3      | Killed an ogre
  1847 | D:3      | Reached skill level 5 in Dodging
  1847 | D:3      | Reached skill level 5 in Shields
  1847 | D:3      | Reached XP level 5. HP: 35/35 MP: 7/7
  2244 | D:3      | Mangled by an iguana

Skill      XL: |  1  2  3  4 |
---------------+-------------+-----
Shields        | 4 5 |  5.2
Short Blades   | 3 |  3.9
Dodging        | 5 |  5.1
Fighting       | |  2.6
Stealth        | |  0.1

Action                   |  1- 3 |  4- 6 || total
-------------------------+-------+-------++-------
Melee: Rapier            |   102 |    59 ||   161
  Eat: Ration            |     1 |     1 ||     2
Armor: Skin              |    15 |     2 ||    17
Dodge: Dodged            |    33 |    10 ||    43
Block: Shield            |    62 |    40 ||   102
